 Dungeon Crawl Stone Soup version 0.18.1-48-g4cf74bf (webtiles) character file.

98 Lennu the Chiller (level 4, 0/46 HPs)
             Began as a Merfolk Ice Elementalist on June 28, 2016.
             Succumbed to Ijyb's poison
             ... on level 3 of the Dungeon.
             The game lasted 00:12:05 (2144 turns).

Lennu the Chiller (Merfolk Ice Elementalist)        Turns: 2144, Time: 00:12:06

Health: 0/46       AC:  3    Str: 14    XL:     4   Next: 71%
Magic:  1/7        EV: 13    Int: 14    God:
Gold:   107        SH:  0    Dex: 14    Spells: 3 memorised, 1 level left

rFire  . . .     SeeInvis .     f - +0 spear
rCold  . . .     Gourm    .     k - +0 leather armour
rNeg   . . .     Faith    .     (no shield)
rPois  .         Spirit   .     (no helmet)
rElec  .         Dismiss  .     (no cloak)
rCorr  .         Reflect  .     (no gloves)
SustAt .         Harm     .     (no boots)
MR     .....                    (no amulet)
Stlth  ..........               (no ring)
                                (no ring)

@: berserking, lethally poisoned (0 -> -39), very slightly contaminated, very
quick, not resistant to hostile enchantments, extremely unstealthy
A: change form in water, swift swim
a: no special abilities


You were on level 3 of the Dungeon.
You were not hungry.

You visited 1 branch of the dungeon, and saw 3 of its levels.

You collected 107 gold pieces.

Inventory:

Hand Weapons
 f - a +0 spear (weapon)
Armour
 a - a +0 robe
 k - a +0 leather armour (worn)
Wands
 g - a wand of polymorph (9/24)
Scrolls
 c - a scroll of amnesia {unknown}
 j - a scroll of recharging {unknown}
 m - a scroll of noise {unknown}
Potions
 e - 2 potions of resistance {unknown}
 h - a potion of berserk rage
 i - a potion of invisibility {unknown}
Books
 b - a book of Frost

   Spells                             Type                      Level
   a - Freeze                         Ice                          1
   b - Throw Frost                    Conjuration/Ice              2
   c - Ozocubu's Armour               Charms/Ice                   3
   d - Throw Icicle                   Conjuration/Ice              4
   e - Summon Ice Beast               Ice/Summoning                4
Comestibles
 d - a slice of pizza
 l - 6 chunks of flesh


   Skills:
 * Level 0.9 Fighting
 * Level 2.2 Polearms
 * Level 1.0 Armour
 * Level 3.6 Dodging
 - Level 2.1 Stealth
 + Level 2.1 Spellcasting
 + Level 0.8 Conjurations
 + Level 0.4 Charms
 * Level 4.2 Ice Magic


You had one spell level left.
You knew the following spells:

 Your Spells              Type           Power        Failure   Level  Hunger
a - Freeze                Ice            ##..         6%          1    ##.....
b - Ozocubu's Armour      Chrm/Ice       #.......     38%         3    ####...
c - Throw Frost           Conj/Ice       #.....       17%         2    ###....


Dungeon Overview and Level Annotations

Branches:
Dungeon (3/15)

Altars:
Elyvilon


Message History

You are more poisoned.
You are too berserk!
You hit Ijyb.
Ijyb is severely wounded.
* * * LOW HITPOINT WARNING * * *
You feel sick. Ijyb barely misses you.
You puncture Ijyb!
You kill Ijyb!
Your Armour skill increases to level 1!
* * * LOW HITPOINT WARNING * * *
You feel sick.
* * * LOW HITPOINT WARNING * * *
You feel sick.
You see here a dagger of venom.
Eat which item? (? for menu, Esc to quit)
You aren't quite hungry enough to eat that!
There is a lethal amount of poison in your body!
You are too berserk!
You feel a strong urge to attack something.
You die...

. # .#.
#.# ...
#.# ##.#
#..# ##
#)##
#.###@#
#.#.##
#######.##
#......<#
#.#######


There were no monsters in sight!

Vanquished Creatures
  Ijyb (D:3)
  2 adders (D:2)
  3 oozes (D:1)
  A worm (D:2)
  A dart slug (D:2)
  9 bats
  2 giant cockroaches (D:1)
  3 goblins
  5 hobgoblins
  3 giant newts
  5 kobolds
  5 rats
40 creatures vanquished.

Notes
Turn   | Place    | Note
--------------------------------------------------------------
     0 | D:1      | Lennu the Merfolk Ice Elementalist began the quest for the Orb.
     0 | D:1      | Reached XP level 1. HP: 13/13 MP: 3/3
   120 | D:1      | Reached XP level 2. HP: 7/19 MP: 5/5
   625 | D:1      | Reached skill level 4 in Ice Magic
   747 | D:1      | Reached XP level 3. HP: 23/24 MP: 6/6
  1190 | D:1      | Learned a level 3 spell: Ozocubu's Armour
  1194 | D:1      | Learned a level 2 spell: Throw Frost
  1405 | D:2      | Reached skill level 1 in Polearms
  1779 | D:2      | Found a white marble altar of Elyvilon.
  1902 | D:2      | Reached XP level 4. HP: 31/31 MP: 2/7
  2127 | D:3      | Noticed Ijyb
  2142 | D:3      | Killed Ijyb
  2142 | D:3      | Reached skill level 1 in Armour
  2143 | D:3      | HP: 2/46 [poisoned by Ijyb]
  2144 | D:3      | Succumbed to Ijyb's poison

Skill      XL: |  1  2  3  4 |
---------------+-------------+-----
Dodging        | 3 |  3.6
Ice Magic      | 4 |  4.2
Polearms       | 1 2 |  2.2
Armour         | 1 |  1.0
Fighting       | |  0.9
Stealth        | |  2.1
Spellcasting   | |  2.1
Conjurations   | |  0.8
Charms         | |  0.4

Action                   |  1- 3 |  4- 6 || total
-------------------------+-------+-------++-------
Melee: Spear             |   122 |    26 ||   148
 Cast: Freeze            |    10 |     2 ||    12
       Throw Frost       |     4 |     3 ||     7
       Ozocubu's Armour  |     2 |       ||     2
  Use: Potion            |       |     1 ||     1
 Stab: Sleeping          |     5 |     1 ||     6
  Eat: Bread ration      |     1 |       ||     1
       Chunk             |       |     1 ||     1
Armor: Robe              |    16 |       ||    16
       Leather armour    |     2 |    11 ||    13
Dodge: Dodged            |    68 |    14 ||    82
